Map: Lost and Found LE

Players

Snute - Winner!

  • Race: Zerg Zerg
  • Spawn Location: 1:00

TIME (Oliveira)

  • Race: Terran Terran
  • Spawn Location: 7:00

Event: WCS Austin 2018

VOD

Have the link to the VOD?

Description

Time

  • Played on: June 1, 2018, 10:33 p.m.
  • Length: 10:51

All games in this series

Show
View Real Time Build Order
Export as new Build Order

Snute Zerg - Winner!

Build Orders: Pool First 

Get SALT Encoding   

  12  0:00  Drone  
  13  0:12  Overlord  
  13  0:16  Drone  
  14  0:30  Drone x2  
  14  0:34  Drone  
  17  0:44  Spawning Pool  
  17  0:47  Drone  
  17  1:07  Hatchery  
  17  1:09  Drone  
  17  1:12  Drone  
  17  1:17  Extractor  
  17  1:30  Queen  
  17  1:31  Zergling x4  
  21  1:38  Spine Crawler  
  21  1:41  Zergling x2  
  21  2:03  Zergling x2  
  21  2:11  Zergling x2  
  21  2:12  Zergling x2, Extractor  
  22  2:20  Drone  
  22  2:22  Drone, Queen  
  24  2:29  Overlord  
  26  2:36  Drone  
  27  2:40  Drone  
  28  2:47  Drone  
  28  2:51  Drone  
  30  2:54  Drone  
  31  3:03  Drone  
  32  3:08  Drone x3  
  32  3:12  Drone  
  34  3:15  Drone  
  34  3:16  Drone  
  34  3:17  Drone  
  35  3:20  Metabolic Boost  
  35  3:26  Overlord  
  35  3:33  Hatchery  
  34  3:34  Drone  
  35  3:41  Overlord  
  35  3:46  Drone x4  
  35  3:47  Drone  
  40  3:50  Drone  
  40  3:52  Overlord  
  41  3:56  Drone x2  
  41  3:59  Drone  
  41  4:01  Drone  
  45  4:05  Queen  
  47  4:10  Overlord  
  47  4:14  Queen  
  49  4:17  Zergling x2  
  49  4:18  Zergling x2  
  49  4:19  Zergling x2  
  49  4:21  Zergling x2  
  53  4:29  Zergling x8  
  57  4:32  Zergling x2  
  57  4:38  Zergling x2  
  59  4:39  Evolution Chamber x2  
  59  4:42  Hatchery  
  56  4:48  Zergling x2  
  56  4:49  Queen, Zergling x2  
  60  4:55  Queen  
  60  4:57  Overlord  
  60  5:03  Overlord  
  60  5:05  Zerg Ground Armor Level 1  
  60  5:06  Zerg Missile Weapons Level 1  
  60  5:15  Drone  
  60  5:16  Drone x4  
  64  5:24  Drone  
  62  5:30  Drone  
  62  5:34  Drone  
  62  5:37  Drone  
  62  5:39  Queen  
  62  5:42  Drone x2  
  67  5:43  Drone  
  67  5:45  Drone  
  67  5:49  Drone x3  
  70  5:50  Extractor  
  70  5:51  Drone  
  70  5:52  Lair, Roach Warren  
  70  5:53  Drone  
  68  5:57  Extractor  
  68  5:58  Extractor  
  68  5:59  Drone  
  68  6:00  Drone  
  68  6:02  Queen  
  70  6:04  Drone  
  70  6:08  Drone  
  72  6:11  Extractor  
  72  6:13  Extractor  
  70  6:19  Zergling x10  
  70  6:21  Queen  
  70  6:25  Zergling x8  
  81  6:38  Overlord  
  81  6:41  Drone, Queen  
  81  6:43  Roach x2  
  81  6:44  Overlord  
  79  6:48  Overlord  
  79  6:49  Overlord  
  79  6:51  Glial Reconstitution  
  79  6:56  Queen  
  79  6:57  Spore Crawler, Roach x5  
  90  7:05  Ravager x2  
  90  7:06  Zergling x2  
  90  7:07  Zergling x8  
  97  7:17  Drone x5  
  97  7:21  Drone x2  
  104  7:22  Zerg Ground Armor Level 2  
  104  7:27  Drone  
  105  7:30  Drone x2  
  105  7:36  Drone x3  
  105  7:37  Drone, Zerg Missile Weapons Level 2  
  111  7:42  Roach  
  112  7:44  Overlord x2  
  112  7:53  Hydralisk Den  
  112  7:54  Hatchery  
  110  8:00  Pneumatized Carapace  
  110  8:01  Overlord  
  110  8:04  Roach  
  110  8:05  Roach x4  
  120  8:06  Ravager x2  
  120  8:12  Drone x3  
  125  8:16  Roach  
  125  8:17  Overlord, Roach  
  129  8:24  Grooved Spines  
  129  8:28  Infestation Pit  
  129  8:33  Overlord  
  128  8:35  Ravager x3  
  128  8:36  Roach x6  
  128  8:37  Roach  
  141  8:52  Roach  
  141  8:53  Roach x8  
  150  9:09  Hive  
  149  9:12  Drone x6  
  149  9:13  Drone x4  
  159  9:17  Overlord x2  
  159  9:19  Ravager  
  160  9:46  Overlord  
  159  9:55  Extractor  
  159  9:59  Extractor  
  155  10:05  Hydralisk  
  155  10:06  Hydralisk x5  
  165  10:09  Spore Crawler  
  166  10:14  Hydralisk  
  166  10:15  Hydralisk x5  
Show
View Real Time Build Order
Export as new Build Order

TIME Terran 

Build Orders: MMM Bio 

Get SALT Encoding   

  12  0:00  SCV  
  13  0:13  SCV  
  14  0:18  Supply Depot  
  14  0:25  SCV  
  15  0:42  Barracks  
  15  0:51  Barracks  
  15  0:55  SCV  
  16  1:03  Refinery  
  16  1:07  SCV  
  17  1:19  SCV  
  18  1:29  Marine  
  18  1:32  Orbital Command  
  19  1:37  Bunker  
  19  1:38  Marine  
  20  1:44  Bunker  
  20  1:47  Marine  
  21  1:56  Marine  
  21  1:57  SCV  
  21  2:05  Marine  
  21  2:10  SCV  
  22  2:16  Factory  
  22  2:22  SCV  
  23  2:24  Supply Depot  
  23  2:45  SCV  
  24  2:52  Marine  
  24  2:55  Marine  
  24  2:57  SCV  
  27  2:59  Factory Reactor  
  27  3:06  Supply Depot  
  27  3:10  Marine  
  27  3:13  Marine  
  27  3:18  SCV  
  26  3:23  Command Center  
  26  3:30  Marine, SCV  
  26  3:31  Marine  
  29  3:36  Hellion x2  
  33  3:42  Supply Depot  
  34  3:50  Armory  
  34  3:52  Marine  
  34  3:53  Marine  
  35  3:59  Hellion  
  37  4:04  Hellion  
  39  4:10  Marine  
  39  4:11  Marine  
  39  4:13  SCV  
  39  4:16  Refinery  
  42  4:25  Hellion  
  42  4:28  Hellion  
  46  4:31  SCV  
  46  4:35  Orbital Command  
  47  4:50  Hellion x2  
  47  4:51  SCV  
  52  4:53  Orbital Command  
  50  5:03  SCV  
  51  5:11  Cyclone x2  
  57  5:18  SCV  
  57  5:19  SCV  
  55  5:32  SCV  
  54  5:37  SCV  
  54  5:38  Barracks Tech Lab  
  54  5:40  Hellion x3, Barracks Reactor  
  51  5:44  Hellion x2, SCV  
  51  5:49  SCV  
  57  5:56  Marine, Supply Depot  
  58  5:57  Stimpack  
  58  5:58  SCV  
  58  6:02  SCV  
  60  6:05  Hellion  
  62  6:18  Hellion, Marine x3  
  67  6:22  Supply Depot  
  67  6:25  Command Center, SCV  
  68  6:33  SCV  
  68  6:35  Marine  
  70  6:40  Marine x2  
  68  6:51  SCV x2  
  68  6:53  Marine  
  68  6:56  Starport  
  68  6:58  Engineering Bay, Marine x2  
  68  6:59  Engineering Bay, Factory Tech Lab  
  70  7:02  Supply Depot  
  70  7:06  SCV  
  70  7:07  SCV  
  72  7:11  Marine  
  69  7:16  Marine x2  
  69  7:18  SCV  
  69  7:19  SCV  
  69  7:22  Siege Tank  
  76  7:29  Marine  
  77  7:30  SCV  
  77  7:31  SCV  
  77  7:34  Marine x2  
  77  7:35  Medivac x2  
  77  7:36  Terran Infantry Weapons Level 1  
  85  7:38  Terran Infantry Armor Level 1  
  85  7:43  SCV  
  86  7:49  Supply Depot  
  86  7:54  SCV  
  86  7:58  Refinery x2  
  87  7:59  Combat Shields  
  87  8:00  Marine  
  87  8:01  Orbital Command  
  87  8:02  SCV  
  87  8:04  Marine x2  
  91  8:09  SCV  
  92  8:14  Medivac x2, SCV  
  92  8:18  Marine  
  98  8:21  Marine  
  98  8:22  Siege Tank  
  98  8:23  Marine  
  98  8:25  SCV  
  104  8:29  Supply Depot  
  104  8:32  SCV  
  105  8:36  Marine  
  105  8:37  Barracks  
  105  8:38  Armory  
  105  8:39  Marine, SCV  
  108  8:42  Orbital Command  
  108  8:46  Marine, SCV  
  87  8:52  Medivac x2  
  87  8:53  Marine  
  87  8:54  SCV  
  82  8:57  Marine  
  82  8:58  SCV  
  82  9:02  Armory  
  84  9:05  Barracks  
  84  9:06  SCV  
  84  9:07  SCV  
  84  9:08  Barracks  
  86  9:11  Marine  
  86  9:12  Supply Depot  
  86  9:14  Marine, Supply Depot  
  88  9:17  Siege Tank  
  88  9:19  Marine  
  88  9:22  SCV x2  
  88  9:24  SCV  
  95  9:25  Supply Depot  
  95  9:28  Barracks Reactor  
  95  9:33  Refinery x2, Marine  
  95  9:34  Marine, SCV  
  98  9:42  Marine  
  98  9:48  Medivac x2  
  98  9:49  SCV x3  
  98  9:52  Marine  
  102  9:59  Marine  
  93  10:01  SCV x2  
  93  10:02  Barracks Reactor x2  
  93  10:06  Siege Tank  
  96  10:08  Factory  
  96  10:11  Marine x2  
  96  10:12  Marine x2  
  100  10:14  Supply Depot  
  100  10:17  Marine  
  100  10:22  Command Center  
  103  10:28  Marine  
  103  10:32  Marine  
Tags
 
Add a new tag
Caveats
  • Supply blocks, unpowered buildings, or Contaminate may cause inaccurate times.
  • Supply counts are checked every 10 seconds.